Map: Costas tropicales

Players

MrFercho - Winner!

  • Race: Zerg Zerg
  • Spawn Location: 0:00

tigro

  • Race: Terran Terran
  • Spawn Location: 5:00

VOD

Have the link to the VOD?

Description

Time

  • Played on: March 27, 2020, 9:10 p.m.
  • Length: 34:43
Show
View Real Time Build Order
Export as new Build Order

MrFercho Zerg - Winner!

Build Orders: Hatch First 

Get SALT Encoding   

  12  0:14  Drone x2  
  14  0:18  Overlord  
  14  0:38  Drone x2  
  16  0:44  Extractor  
  15  0:50  Extractor  
  15  0:51  Drone  
  15  0:59  Overlord  
  15  1:14  Drone  
  16  1:37  Drone x2  
  18  1:55  Hatchery  
  18  2:01  Drone x2  
  19  2:12  Spawning Pool  
  19  2:14  Drone  
  19  2:15  Drone  
  20  2:28  Drone  
  21  2:37  Drone  
  22  3:15  Drone x2  
  22  3:17  Overlord x2  
  24  3:21  Lair  
  24  3:52  Evolution Chamber x2  
  24  3:55  Evolution Chamber, Drone x3  
  24  3:59  Extractor  
  23  4:12  Extractor  
  22  5:46  Drone x2  
  22  5:47  Drone x4  
  28  6:07  Zerg Melee Weapons Level 1, Zerg Missile Weapons Level 1  
  28  6:08  Zerg Ground Armor Level 1  
  28  6:11  Metabolic Boost  
  28  6:15  Queen  
  30  6:23  Drone x2  
  30  6:24  Drone  
  33  6:47  Roach Warren  
  33  6:50  Queen  
  34  6:55  Baneling Nest  
  33  7:14  Hydralisk Den  
  32  7:17  Hydralisk Den  
  31  7:25  Infestation Pit  
  30  7:31  Spire  
  30  7:35  Infestation Pit  
  28  7:44  Spire  
  27  7:57  Zergling x6  
  27  7:58  Zergling x6  
  33  8:30  Baneling  
  33  8:31  Baneling x7  
  33  8:32  Baneling  
  33  8:33  Baneling x3  
  33  8:40  Hatchery  
  32  8:45  Drone  
  32  8:46  Drone  
  32  8:48  Drone  
  35  8:49  Extractor x2  
  35  8:55  Overlord x3  
  33  8:57  Drone x3  
  36  9:26  Centrifical Hooks  
  36  9:33  Pathogen Glands, Neural Parasite  
  36  9:36  Zerg Melee Weapons Level 2  
  36  9:37  Zerg Missile Weapons Level 2  
  36  9:38  Zerg Ground Armor Level 2  
  36  9:45  Drone x2  
  38  9:49  Drone  
  39  9:54  Drone  
  39  9:56  Drone  
  41  10:00  Drone  
  42  10:29  Unknown  
  42  10:32  Burrow  
  42  10:41  Zerg Flyer Armor Level 1, Zerg Flyer Weapons Level 1  
  42  10:47  Drone x4  
  42  10:48  Drone x2  
  48  10:50  Drone x2  
  48  10:51  Drone  
  45  11:20  Drone x2  
  45  11:21  Drone x3  
  50  12:29  Hatchery  
  49  12:32  Hatchery  
  48  12:38  Hatchery  
  48  12:42  Hatchery  
  46  12:45  Hatchery  
  46  12:50  Drone x3  
  48  13:06  Hive  
  48  13:10  Pneumatized Carapace  
  48  13:26  Grooved Spines  
  48  13:40  Drone x3  
  51  14:02  Zergling x4  
  62  14:03  Zergling x6  
  62  14:04  Corruptor x3  
  62  14:06  Infestor x2  
  62  14:08  Infestor  
  62  14:09  Overlord x2  
  77  14:32  Zerg Missile Weapons Level 3, Zerg Melee Weapons Level 3  
  77  14:37  Muscular Augments  
  77  14:38  Zerg Ground Armor Level 3  
  77  14:48  Drone x5  
  77  14:49  Drone x2  
  84  15:08  Drone x3  
  87  15:59  Baneling x5  
  87  16:00  Baneling x5  
  87  16:16  Greater Spire x2  
  87  16:36  Extractor  
  86  16:42  Extractor  
  85  16:50  Extractor  
  84  16:55  Extractor  
  84  17:00  Extractor  
  82  17:06  Extractor x2  
  82  17:07  Extractor  
  79  17:15  Extractor  
  78  17:17  Extractor  
  78  17:20  Lurker Den  
  78  17:22  Drone x3  
  79  17:23  Drone x6  
  85  18:06  Drone x4  
  85  18:07  Drone x5  
  85  18:08  Drone x6  
  85  18:09  Drone x3  
  103  18:19  Drone x3  
  106  18:32  Overlord x6  
  106  18:34  Hydralisk x3  
  106  18:35  Hydralisk x5  
  122  18:51  Brood Lord x3  
  128  20:19  Adrenal Glands  
  128  20:23  Glial Reconstitution  
  128  20:27  Zerg Flyer Weapons Level 2, Zerg Flyer Armor Level 2  
  128  20:56  Hydralisk  
  128  20:57  Hydralisk x5  
  128  20:58  Hydralisk x7  
  128  20:59  Hydralisk x2  
  158  21:11  Lurker x2  
  158  21:12  Lurker x6  
  166  21:41  Tunneling Claws  
  161  22:29  Overlord x4  
  161  22:30  Overlord x3  
  161  22:33  Corruptor x3  
  161  22:34  Corruptor x4  
  175  23:00  Ultralisk Cavern  
  175  23:04  Seismic Spines  
  174  23:12  Ultralisk Cavern  
  173  23:26  Zerg Flyer Weapons Level 3  
  173  23:27  Zerg Flyer Armor Level 3  
  173  24:01  Adaptive Talons  
  173  24:20  Corruptor x3  
  173  24:21  Corruptor x6  
  173  24:22  Corruptor x4  
  149  25:34  Corruptor x3  
  149  25:35  Corruptor x5  
  157  25:36  Corruptor x4  
  167  27:54  Brood Lord x4  
  167  27:55  Brood Lord x4  
  167  27:56  Brood Lord x2  
  161  29:06  Hydralisk  
  161  29:07  Hydralisk x6  
  161  29:08  Hydralisk x6  
  161  29:09  Hydralisk x3  
  191  29:10  Hydralisk  
  191  29:11  Hydralisk  
  191  29:12  Hydralisk  
  199  29:50  Chitinous Plating  
  199  29:51  Anabolic Synthesis  
  172  31:18  Zergling x4  
  172  31:19  Zergling x12  
  172  31:20  Zergling x12  
  172  31:21  Zergling x12  
  172  31:22  Zergling x2  
Show
View Real Time Build Order
Export as new Build Order

tigro Terran 

Build Orders:  

Get SALT Encoding   

  12  0:09  SCV  
  13  0:21  SCV  
  13  0:22  Supply Depot  
  14  0:32  Refinery  
  14  0:34  SCV  
  15  0:57  Barracks  
  15  1:01  Refinery  
  15  1:02  SCV  
  16  1:14  Supply Depot, SCV  
  17  1:26  SCV  
  18  1:45  Barracks, Marine  
  19  2:03  Marine  
  20  2:21  Marine, SCV  
  22  2:33  SCV  
  23  2:38  Engineering Bay  
  23  2:39  Marine  
  23  2:40  Barracks Tech Lab  
  24  2:45  SCV  
  25  2:57  Marine  
  26  2:59  Combat Shield  
  26  3:05  Marauder  
  28  3:15  Barracks Tech Lab  
  28  3:26  Marine  
  29  3:44  Marauder  
  31  3:51  Factory  
  31  3:55  Orbital Command  
  31  4:09  Supply Depot  
  31  4:17  Stimpack  
  31  4:30  Marine  
  34  4:31  Marauder  
  34  4:45  Command Center  
  34  4:48  Marine  
  37  4:52  Marauder  
  37  5:06  Marine  
  38  5:09  Armory, Factory Tech Lab  
  38  5:13  Terran Infantry Weapons Level 1  
  38  5:24  Marine  
  39  5:51  Marine  
  40  5:57  Concussive Shells  
  40  6:01  Missile Turret  
  40  6:13  Planetary Fortress  
  40  6:14  Factory  
  40  6:38  Refinery  
  40  6:52  Infernal Pre-Igniter  
  40  7:00  Factory Tech Lab  
  40  7:08  Terran Infantry Armor Level 1  
  40  7:10  SCV  
  41  7:16  Refinery  
  41  7:22  SCV, Siege Tank  
  45  7:27  Terran Vehicle Weapons Level 1  
  45  7:34  SCV  
  46  7:46  SCV  
  47  7:57  SCV  
  48  7:58  SCV  
  49  8:10  Mag-Field Accelerator, SCV  
  50  8:22  Starport, SCV  
  51  8:52  Marine  
  52  8:57  Marauder  
  52  9:02  Neosteel Armor  
  54  9:09  Medivac  
  56  9:10  Marine  
  56  9:15  Starport  
  57  9:18  Marauder  
  57  9:22  Terran Vehicle And Ship Armor Level 1  
  59  9:28  Marine  
  60  9:46  Marine  
  60  9:50  Drilling Claws  
  61  10:04  Marine  
  62  10:08  Starport Tech Lab  
  62  10:10  Starport Tech Lab  
  62  10:20  Siege Tank  
  65  10:27  Missile Turret  
  65  10:34  Fusion Core  
  65  10:38  SCV  
  65  10:42  Hi-Sec Auto Tracking  
  66  10:50  SCV  
  67  10:57  Missile Turret  
  67  11:02  SCV  
  68  11:09  Smart Servos  
  53  11:14  SCV  
  53  11:16  Terran Ship Weapons Level 1  
  54  11:26  SCV  
  55  11:38  Terran Infantry Weapons Level 2  
  55  11:46  Command Center  
  55  11:52  Missile Turret  
  55  11:58  Siege Tank  
  64  12:01  Battlecruiser  
  64  12:04  Battlecruiser  
  70  12:16  SCV  
  71  12:24  Supply Depot  
  71  12:28  SCV  
  72  12:30  Siege Tank  
  75  12:51  Missile Turret  
  75  12:56  Missile Turret  
  75  13:02  Thor  
  81  13:18  Planetary Fortress  
  81  13:34  Missile Turret  
  81  13:52  Missile Turret  
  81  13:54  Missile Turret  
  81  13:57  Marine  
  81  13:59  Marauder  
  84  14:14  Marine  
  85  14:20  Missile Turret  
  85  14:21  Marauder  
  87  14:29  Missile Turret  
  87  14:32  Marine  
  87  14:37  SCV  
  89  14:42  Marauder  
  91  14:48  Missile Turret  
  91  14:49  SCV  
  91  14:50  Marine  
  93  15:01  SCV  
  93  15:04  Marauder  
  96  15:08  Marine  
  96  15:09  Missile Turret  
  96  15:10  Missile Turret  
  96  15:13  SCV  
  98  15:18  Missile Turret  
  98  15:21  Siege Tank  
  101  15:52  Refinery  
  101  16:37  Supply Depot  
  101  16:43  Refinery, Missile Turret  
  101  16:59  Marauder, Battlecruiser  
  109  17:01  Refinery  
  109  17:05  Siege Tank, SCV  
  113  17:26  Missile Turret  
  113  17:34  Missile Turret  
  113  17:38  Siege Tank  
  113  17:39  Refinery  
  116  18:03  Battlecruiser  
  122  18:10  Siege Tank  
  125  18:50  Missile Turret  
  125  19:20  Supply Depot  
  125  19:21  Supply Depot  
  125  19:41  Thor  
  125  19:42  Battlecruiser, Siege Tank  
  140  20:26  Battlecruiser  
  146  20:33  Supply Depot  
  146  20:47  Battlecruiser  
  152  21:30  Battlecruiser  
  158  21:51  Battlecruiser  
  164  22:08  Command Center  
  164  22:29  Supply Depot  
  164  22:33  Thor  
  170  22:51  Battlecruiser  
  176  22:52  Supply Depot  
  176  23:03  Missile Turret  
  176  23:14  Battlecruiser, Missile Turret  
  182  23:25  Siege Tank  
  185  23:27  Missile Turret  
  185  23:40  Missile Turret  
  185  23:55  Battlecruiser  
  191  23:57  Siege Tank  
  194  24:06  Planetary Fortress  
  194  24:08  Refinery  
  194  24:18  Battlecruiser  
  188  24:29  Siege Tank  
  125  24:59  Battlecruiser  
  125  25:01  Siege Tank  
  122  25:30  Raven  
  118  25:51  Refinery  
  118  25:56  Weapon Refit  
  118  26:04  Battlecruiser  
  124  26:13  Raven  
  126  26:56  Battlecruiser  
  132  27:04  Missile Turret  
  132  27:08  Battlecruiser  
  138  27:28  Siege Tank  
  141  27:36  Rapid Reignition System  
  102  28:00  Battlecruiser, Siege Tank  
  111  28:12  Battlecruiser  
  108  28:32  Advanced Ballistics  
  108  28:33  Siege Tank  
  72  29:05  Siege Tank  
  75  29:16  Battlecruiser  
  81  29:34  SCV  
  81  29:37  Siege Tank  
  85  29:40  SCV  
  85  29:45  Raven  
  88  29:46  SCV  
  88  29:49  Thor  
  88  29:52  SCV  
  96  29:58  SCV  
  97  30:04  SCV  
  98  30:10  SCV  
  99  30:16  SCV  
  100  30:23  SCV  
  107  30:28  Battlecruiser, SCV  
  108  30:48  Missile Turret  
  19  32:01  Missile Turret  
Tags
 
Add a new tag
Caveats
  • Supply blocks, unpowered buildings, or Contaminate may cause inaccurate times.
  • Supply counts are checked every 10 seconds.